Map: Kairos Junction LE

Players

CaoCao - Winner!

  • Race: Zerg Zerg
  • League: Diamond
  • Spawn Location: 5:00

Smiddo

  • Race: Protoss Protoss
  • League: Diamond
  • Spawn Location: 11:00

VOD

Have the link to the VOD?

Description

Time

  • Played on: June 6, 2019, 12:44 a.m.
  • Length: 13:13
Show
View Real Time Build Order
Export as new Build Order

CaoCao Zerg - Winner!

Build Orders: Hatch First 

Get SALT Encoding   

  12  0:01  Drone  
  13  0:19  Overlord  
  13  0:27  Drone  
  14  0:39  Drone x2  
  16  0:50  Hatchery  
  16  0:52  Drone  
  16  0:57  Drone  
  17  1:04  Drone  
  18  1:11  Extractor  
  17  1:20  Drone  
  17  1:22  Spawning Pool  
  17  1:25  Drone  
  18  1:37  Drone  
  19  1:47  Overlord  
  19  2:07  Drone x2  
  21  2:08  Queen  
  21  2:09  Drone, Queen  
  26  2:20  Zergling x4  
  28  2:57  Hatchery  
  27  3:02  Drone x4  
  27  3:05  Overlord  
  31  3:07  Burrow  
  31  3:13  Drone x3  
  34  3:25  Drone  
  35  3:28  Drone  
  35  3:30  Drone x3  
  35  3:33  Queen  
  41  3:34  Drone  
  41  3:39  Drone  
  43  3:49  Overlord, Drone  
  44  3:57  Overlord  
  44  3:59  Overlord  
  44  4:08  Roach Warren, Drone  
  44  4:11  Evolution Chamber  
  44  4:12  Drone x2  
  44  4:13  Extractor  
  44  4:22  Drone  
  44  4:23  Drone x2  
  47  4:27  Queen  
  49  4:32  Drone  
  49  4:33  Overlord  
  49  4:35  Queen  
  49  4:36  Extractor, Drone  
  52  4:38  Zerg Missile Weapons Level 1  
  52  4:39  Lair  
  52  4:43  Drone x3  
  55  4:45  Drone  
  55  4:46  Extractor, Drone x2  
  55  4:49  Roach  
  61  4:52  Roach  
  61  4:55  Roach  
  63  5:01  Roach  
  63  5:04  Roach  
  63  5:05  Extractor  
  66  5:07  Overlord  
  66  5:11  Drone  
  67  5:14  Roach  
  67  5:16  Overlord  
  69  5:22  Roach x4  
  69  5:25  Roach  
  79  5:29  Roach  
  79  5:34  Roach  
  83  5:36  Roach  
  83  5:37  Roach x2  
  83  5:40  Overlord  
  89  5:45  Drone x3  
  89  5:47  Roach  
  94  5:50  Roach  
  94  5:51  Roach  
  98  5:58  Roach  
  98  5:59  Roach x2  
  98  6:02  Roach  
  98  6:04  Glial Reconstitution  
  106  6:09  Overlord  
  106  6:11  Overlord  
  106  6:22  Overlord  
  106  6:28  Drone  
  106  6:29  Drone  
  106  6:30  Ravager  
  106  6:31  Ravager x4  
  113  6:36  Drone x3  
  114  6:41  Roach x2  
  114  6:45  Hatchery  
  117  6:47  Roach x2  
  117  6:50  Roach  
  117  6:51  Roach  
  125  6:55  Roach  
  125  7:00  Roach  
  129  7:01  Overlord x2  
  129  7:05  Drone  
  129  7:07  Overlord  
  130  7:17  Roach x2  
  130  7:19  Overlord x2  
  130  7:20  Overlord  
  130  7:22  Roach  
  130  7:23  Roach  
  130  7:26  Roach  
  130  7:29  Zerg Missile Weapons Level 2  
  132  7:31  Roach  
  129  7:40  Roach x4  
  120  7:46  Roach x3  
  120  7:50  Roach  
  120  7:51  Roach  
  118  7:57  Roach x3  
  122  7:59  Roach  
  122  8:05  Roach x2  
  118  8:08  Roach  
  120  8:15  Roach x2  
  120  8:19  Queen  
  122  8:20  Roach  
  122  8:23  Roach x3  
  128  8:28  Nydus Network, Roach  
  128  8:32  Overlord  
  129  8:36  Roach x2  
  129  8:39  Drone x3  
  136  8:45  Roach  
  136  8:46  Roach x2  
  142  8:57  Roach x5  
  142  9:00  Overlord  
  142  9:02  Roach  
  154  9:03  Drone  
  154  9:05  Drone  
  154  9:06  Drone  
  154  9:08  Nydus Canal  
  157  9:12  Drone x3  
  157  9:13  Drone  
  159  9:20  Roach x3  
  147  9:29  Roach x5  
  135  9:34  Roach x2  
  138  9:38  Drone x2  
  139  9:48  Drone x4  
  139  9:49  Drone x4  
  147  9:53  Roach x2  
  147  9:57  Roach  
  147  9:58  Hydralisk Den  
  147  9:59  Roach  
  154  10:03  Roach  
  154  10:05  Drone x2  
  156  10:10  Baneling Nest, Roach x3  
  156  10:11  Roach  
  153  10:23  Roach x2  
  153  10:24  Roach x2  
  154  10:28  Roach  
  154  10:29  Roach  
  154  10:31  Roach x5  
  154  10:32  Roach  
  165  10:36  Roach  
  160  10:44  Muscular Augments  
  160  10:46  Metabolic Boost  
  160  10:48  Drone  
  159  10:52  Drone  
  159  10:53  Drone x5  
  159  10:54  Overseer  
  159  10:56  Centrifical Hooks  
  165  11:00  Extractor  
  165  11:16  Hydralisk x9  
  183  11:19  Overlord  
  183  11:23  Hatchery  
  182  11:26  Overlord  
  182  11:27  Overlord  
  182  11:32  Hatchery  
  179  11:35  Hatchery  
  179  11:36  Queen  
  179  11:39  Overlord  
  180  11:40  Hydralisk  
  180  11:41  Hydralisk  
  180  11:43  Overlord x3  
  184  11:57  Hydralisk x3  
  184  11:58  Hydralisk x4  
  192  12:04  Nydus Canal  
  192  12:08  Zergling x8  
  192  12:09  Zergling x6  
  192  12:15  Infestation Pit  
  197  12:17  Hydralisk  
  197  12:18  Zergling x2  
  197  12:19  Evolution Chamber  
  199  12:25  Overlord  
  199  12:38  Baneling x6  
  199  12:39  Baneling x8  
Show
View Real Time Build Order
Export as new Build Order

Smiddo Protoss 

Build Orders: 1 Gate Expand, Archon Immortal 

Get SALT Encoding   

  12  0:00  Probe  
  13  0:13  Probe  
  14  0:19  Pylon  
  14  0:25  Probe  
  15  0:37  Probe  
  15  0:39  Gateway  
  16  0:46  Assimilator  
  16  0:48  Probe  
  17  0:56  Probe  
  18  1:04  Probe  
  19  1:16  Probe  
  20  1:32  Nexus  
  20  1:44  Cybernetics Core  
  20  1:46  Probe  
  21  1:58  Probe, Pylon  
  22  2:10  Probe  
  22  2:11  Adept, Warp Gate  
  25  2:23  Probe  
  25  2:29  Robotics Facility  
  26  2:35  Probe  
  27  2:42  Adept  
  29  2:49  Probe x2  
  31  2:58  Gateway  
  31  3:02  Probe x2  
  31  3:03  Gateway  
  32  3:14  Probe x2  
  32  3:17  Observer  
  35  3:26  Probe x2, Assimilator  
  37  3:28  Immortal  
  37  3:30  Assimilator  
  37  3:32  Assimilator  
  37  3:38  Probe  
  42  3:42  Probe  
  43  3:50  Probe  
  43  3:54  Probe  
  45  4:03  Probe  
  45  4:09  Twilight Council  
  46  4:11  Pylon  
  46  4:12  Pylon  
  46  4:26  Gateway x2  
  46  4:28  Gateway  
  46  4:29  Probe  
  46  4:30  Probe  
  48  4:35  Adept  
  50  4:39  Resonating Glaives  
  50  4:41  Probe  
  51  4:47  Probe  
  51  4:49  Immortal  
  56  4:53  Probe  
  57  5:03  Stalker  
  57  5:04  Stalker  
  61  5:15  Probe  
  61  5:20  Templar Archives  
  62  5:21  Pylon x2  
  62  5:31  Immortal  
  62  5:33  Pylon  
  62  5:35  Pylon  
  62  5:39  Probe x2  
  68  5:43  Sentry x2  
  72  5:51  Probe  
  72  5:55  Stalker x2  
  72  5:56  Stalker  
  79  6:06  High Templar x2  
  79  6:11  Warp Prism  
  83  6:12  Archon  
  83  6:18  Nexus  
  83  6:20  Pylon  
  85  6:27  Zealot  
  87  6:33  High Templar x2  
  91  6:40  Archon  
  91  6:54  Stalker x2  
  91  6:55  Stalker x2  
  99  7:07  Probe, Pylon  
  99  7:08  Probe  
  101  7:09  Pylon  
  101  7:10  Pylon  
  101  7:25  Immortal  
  103  7:33  Stalker x6  
  85  7:54  Probe  
  85  7:55  Probe x2  
  84  8:02  Stalker x5  
  84  8:05  Immortal  
  94  8:06  Probe  
  93  8:25  High Templar x2  
  93  8:26  Charge  
  97  8:28  Probe x3  
  97  8:32  Archon, Pylon  
  97  8:34  Pylon  
  100  8:40  Probe x3  
  103  8:52  Zealot x3  
  109  8:57  Nexus  
  109  8:58  Pylon  
  109  9:02  High Templar  
  109  9:03  High Templar  
  109  9:07  Archon  
  111  9:22  Zealot x2  
  111  9:23  Zealot x2  
  75  9:37  Stalker x5  
  83  9:41  Gateway  
  83  9:43  Gateway  
  83  9:45  Gateway  
  83  9:47  Gateway  
  83  9:51  Assimilator  
  83  9:53  Immortal  
  83  9:55  Stalker  
  71  10:21  Stalker x3  
  71  10:22  Stalker  
  79  10:32  Immortal  
  75  10:38  High Templar  
  77  10:44  Zealot x2  
  77  10:45  Zealot x3  
  87  10:51  Probe  
  87  10:52  Probe x2  
  90  11:01  Zealot x2  
  94  11:08  Assimilator  
  94  11:17  High Templar x2  
  98  11:22  Archon  
  88  11:33  Stalker x3  
  94  11:41  Probe x4  
  94  11:46  High Templar x2  
  102  11:51  Observer  
  102  11:52  Assimilator  
  102  11:53  Probe x4, Archon  
  102  11:54  Assimilator  
  107  11:56  Zealot x6  
  119  12:16  Gateway  
  119  12:17  Gateway  
  119  12:21  Gateway  
  119  12:25  Gateway  
  119  12:26  Stalker x5  
  119  12:27  Stalker x3  
  135  12:52  High Templar x3  
  135  12:53  High Templar  
  135  12:56  Archon x2  
  115  13:00  Zealot  
Tags
 
Add a new tag
Caveats
  • Supply blocks, unpowered buildings, or Contaminate may cause inaccurate times.
  • Supply counts are checked every 10 seconds.